 Dungeon Crawl Stone Soup version 0.19.0-2-gae57169 (webtiles) character file.

335 Krapule the Skirmisher (level 6, 0/52 HPs)
             Began as a Minotaur Skald on Nov 6, 2016.
             Was an Initiate of the Shining One.
             Slain by an ogre
             ... wielding a +0 giant club
              (26 damage)
             ... on level 4 of the Dungeon.
             The game lasted 00:09:46 (2571 turns).

Krapule the Skirmisher (Minotaur Skald)             Turns: 2571, Time: 00:09:47

Health: 0/52       AC:  3    Str: 21    XL:     6   Next: 28%
Magic:  4/8        EV: 12    Int: 11    God:    the Shining One [......]
Gold:   201        SH:  0    Dex: 10    Spells: 1 memorised, 8 levels left

rFire  . . .     SeeInvis +     a - +0 spear
rCold  . . .     Gourm    +     n - +0 robe
rNeg   . . .     Faith    .     (no shield)
rPois  .         Spirit   .     (helmet restricted)
rElec  .         Reflect  .     (no cloak)
rCorr  .         Harm     .     j - +0 pair of gloves
MR     .....                    (no boots)
Stlth  +.........               f - amulet of the gourmand
                                p - +5 ring of strength
                                s - ring of see invisible

@: lethally poisoned (0 -> -4), infused (expiring), glowing
A: retaliatory headbutt, horns 2
a: Renounce Religion


You were on level 4 of the Dungeon.
You worshipped the Shining One.
The Shining One was noncommittal.
You were completely stuffed.

You visited 1 branch of the dungeon, and saw 4 of its levels.

You collected 201 gold pieces.

Inventory:

Hand Weapons
 a - a +0 spear (weapon)
Missiles
 g - a throwing net (quivered)
Armour
 b - a +0 leather armour
 j - a +0 pair of gloves (worn)
 n - a +0 robe (worn)
 o - a cursed +0 ring mail
Jewellery
 f - an amulet of the gourmand (around neck)
 p - a +5 ring of strength (right hand)
 s - a ring of see invisible (left hand)
Wands
 t - a wand of disintegration (6/24)
Scrolls
 e - 4 scrolls of remove curse
 i - 3 scrolls of magic mapping {unknown}
 u - a scroll of enchant weapon {unknown}
 x - 2 scrolls of identify {unknown}
 y - a scroll of noise {unknown}
 A - a scroll of teleportation {unknown}
Potions
 h - a potion of curing {unknown}
 l - 3 potions of degeneration {unknown}
 q - a potion of invisibility {unknown}
 r - a potion of magic {unknown}
 w - a potion of agility {unknown}
 z - a potion of heal wounds {unknown}
 C - a potion of berserk rage {unknown}
 D - a potion of cancellation {unknown}
Books
 c - a book of Battle

   Spells                             Type                      Level
   a - Infusion                       Charms                       1
   b - Shroud of Golubria             Charms/Translocation         2
   c - Song of Slaying                Charms                       2
   d - Spectral Weapon                Hexes/Charms                 3
   e - Regeneration                   Charms/Necromancy            3
Comestibles
 d - 6 bread rations
 k - a beef jerky
 m - 4 fruits
 v - 3 meat rations
 B - a royal jelly


   Skills:
 + Level 3.7 Fighting
 + Level 3.7 Polearms
 + Level 3.2 Armour
 + Level 2.7 Dodging
 + Level 2.1 Spellcasting
 + Level 2.7 Charms
 + Level 1.6 Invocations


You had 8 spell levels left.
You knew the following spells:

 Your Spells              Type           Power        Failure   Level  Hunger
a - Infusion              Chrm           #...         12%         1    ##.....


Dungeon Overview and Level Annotations

Branches:
Dungeon (4/15)
 Temple: D:4-7

Altars:
The Shining One


Innate Abilities, Weirdness & Mutations

You reflexively headbutt those who attack you in melee.
You have a pair of horns on your head.


Message History

The worker ant completely misses you.
You barely miss the worker ant.
The worker ant is heavily wounded.
The worker ant bites you.
You are poisoned.
The worker ant poisons you!
You hit the worker ant. Your headbutt misses the worker ant.
The worker ant is severely wounded.
You feel sick. The worker ant misses you.
You barely miss the worker ant.
The worker ant is severely wounded.
You feel sick. The worker ant closely misses you.
You hit the worker ant.
You kill the worker ant!
You hit the ogre. You headbutt the ogre.
The ogre is moderately wounded.
Your magical infusion is running out.
You feel sick. The ogre hits you with a giant club!!
Ouch! That really hurt!
You die...

### ### ... ...# ######
... ... ..... ... .). ....
### #.# #.. #.# #.# .
###########.######.#####..
............)..@O......>.
...# ######'######........
.#.# #.......# #..####..
.#.# #.......# #..#
.#.###.......# #..#
...........(## #..#
...########## #..# ...#
#..# ...########## #..#


You could see an ogre.

Vanquished Creatures
  An orc warrior (D:4)
  An ogre (D:4)
  Jessica (D:3)
  A worker ant (D:4)
  A hound skeleton (D:4)
  2 adders
  An ooze (D:3)
  3 worms
  A dart slug (D:3)
  A leopard gecko (D:1)
  3 orcs (D:3)
  A giant cockroach (D:3)
  4 goblins
  5 hobgoblins
  7 jackals
  2 quokkas
  A ball python (D:1)
  5 bats
  2 frilled lizards (D:4)
  13 kobolds
  A quokka skeleton (D:4)
  3 rats
60 creatures vanquished.

Notes
Turn   | Place    | Note
-------+----------+-------------------------------------------
     0 | D:1      | Krapule the Minotaur Skald began the quest for the Orb.
     0 | D:1      | Reached XP level 1. HP: 18/18 MP: 1/1
   138 | D:1      | Reached XP level 2. HP: 16/25 MP: 3/3
   792 | D:2      | Reached XP level 3. HP: 30/30 MP: 4/4
  1070 | D:2      | You fall through a shaft for 2 floors!
  1113 | D:3      | Found a faded altar of an unknown god.
  1708 | D:3      | Found a glowing golden altar of the Shining One.
  1711 | D:3      | Became a worshipper of the Shining One
  1770 | D:3      | Noticed Jessica
  1775 | D:3      | Killed Jessica
  1775 | D:3      | Reached XP level 4. HP: 23/38 MP: 5/5
  2226 | D:4      | Noticed an ogre
  2234 | D:4      | Killed an ogre
  2234 | D:4      | Reached skill level 1 in Invocations
  2234 | D:4      | Reached XP level 5. HP: 43/45 MP: 6/6
  2527 | D:4      | Noticed an orc warrior
  2533 | D:4      | Killed an orc warrior
  2533 | D:4      | Reached XP level 6. HP: 51/52 MP: 4/8
  2571 | D:4      | Slain by an ogre

Skill      XL: |  1  2  3  4  5 |
---------------+----------------+-----
Fighting       | 3 |  3.7
Armour         | 2 3 |  3.2
Polearms       | 3 |  3.7
Dodging        | 2 |  2.7
Invocations    | 1 |  1.6
Spellcasting   | 2 |  2.1
Charms         | |  2.7

Action                   |  1- 3 |  4- 6 || total
-------------------------+-------+-------++-------
Melee: Spear             |   125 |    85 ||   210
       Headbutt          |    18 |     8 ||    26
 Cast: Infusion          |       |     2 ||     2
Evoke: Wand              |       |     1 ||     1
  Use: Scroll            |       |     1 ||     1
  Eat: Chunk             |    17 |     2 ||    19
Armor: Leather armour    |     7 |       ||     7
       Robe              |    11 |     7 ||    18
Dodge: Dodged            |    55 |    39 ||    94
